 Dungeon Crawl Stone Soup version 0.19.5 (webtiles) character file.

14 HouseofHex the Conjurer (level 2, -3/17 HPs)
             Began as an Octopode Conjurer on Apr 3, 2017.
             Slain by a worm (9 damage)
             ... on level 2 of the Dungeon.
             The game lasted 00:02:35 (1253 turns).

HouseofHex the Conjurer (Octopode Conjurer)         Turns: 1253, Time: 00:02:36

Health: -3/17      AC:  1    Str:  7    XL:     2   Next: 45%
Magic:  0/5        EV: 13    Int: 17    God:
Gold:   13         SH:  0    Dex: 12    Spells: 2 memorised, 2 levels left

rFire  . . .     SeeInvis .     h - +0 short sword (holy)
rCold  . . .     Gourm    .     (no shield)
rNeg   . . .     Faith    .     (helmet restricted)
rPois  .         Spirit   .     (no amulet)
rElec  .         Reflect  .     (no ring)
rCorr  .         Harm     .     (no ring)
MR     .....                    (no ring)
Stlth  +++.......               (no ring)
                                (no ring)
                                (no ring)
                                (no ring)
                                (no ring)

@: no status effects
A: almost no armour, stealthy swim, amphibious, 8 rings, constrict 8, camouflage
1, gelatinous body 1
a: no special abilities


You were on level 2 of the Dungeon.
You were not hungry.

You visited 1 branch of the dungeon, and saw 2 of its levels.

You collected 13 gold pieces.

Inventory:

Hand Weapons
 h - a +0 short sword of holy wrath (weapon)
Scrolls
 c - a scroll of immolation {unknown}
 e - 2 scrolls of identify {unknown}
 g - a scroll of teleportation {unknown}
 i - a scroll of fog {unknown}
Potions
 d - 2 potions of cancellation {unknown}
Books
 a - a book of Conjurations

   Spells                             Type                      Level
   a - Magic Dart                     Conjuration                  1
   b - Searing Ray                    Conjuration                  2
   c - Dazzling Spray                 Conjuration/Hexes            3
   d - Fulminant Prism                Conjuration/Hexes            4
   e - Iskenderun's Mystic Blast      Conjuration                  4
   f - Iskenderun's Battlesphere      Conjuration/Charms           5
Comestibles
 b - a bread ration
 f - a slice of pizza


   Skills:
 * Level 0.2 Fighting
 + Level 2.0 Dodging
 * Level 2.6 Stealth
 * Level 2.1 Spellcasting
 * Level 4.4 Conjurations


You had 2 spell levels left.
You knew the following spells:

 Your Spells              Type           Power        Failure   Level  Hunger
a - Magic Dart            Conj           ###.         2%          1    #......
b - Searing Ray           Conj           ###...       4%          2    ###....


Dungeon Overview and Level Annotations

Branches:
Dungeon (2/15)

Altars:

Annotations:
D:2 Sigmund


Innate Abilities, Weirdness & Mutations

You cannot wear most types of armour.
You are very stealthy in the water. (Stealth+)
You are amphibious.
You can wear up to eight rings at the same time.
You can use your tentacles to constrict eight enemies at once.
Your skin changes colour to match your surroundings (Stealth+).
Your rubbery body absorbs attacks. (AC +1, EV +1)


Message History

Sigmund is moderately wounded.
The searing ray hits Sigmund.
Sigmund is severely wounded.
You finish channeling your searing ray.
Sigmund misses you. The worm closely misses you.
Sigmund points at you and mumbles some strange words.
You resist with significant effort.
You barely miss Sigmund. You grab Sigmund.
Sigmund is severely wounded.
You constrict Sigmund, but do no damage.
Sigmund barely misses you.
You hit Sigmund but do no damage.
Sigmund is severely wounded.
You constrict Sigmund, but do no damage.
The worm bites you!
You hit Sigmund.
Sigmund is almost dead.
You constrict Sigmund. Sigmund closely misses you. The worm bites you!
Ouch! That really hurt!
You die...

#####.#.####
#.....#....# . .
#..<.....# .. ..
#........# ...
...##.......# ....
..<.........#.....
...........†......
...##.....w.#..
... #....@@.#.. +#
#............
#............
####+#....##.#
....... . ...#.##.
...+..# ..# ##


You could see Sigmund and a worm.

Vanquished Creatures
  A leopard gecko (D:1)
  A giant cockroach (D:1)
  A goblin (D:2)
  5 kobolds (D:1)
  3 bats
  A frilled lizard (D:2)
  A rat (D:1)
13 creatures vanquished.

Notes
Turn   | Place    | Note
-------+----------+-------------------------------------------
     0 | D:1      | HouseofHex the Octopode Conjurer began the quest for the Orb.
     0 | D:1      | Reached XP level 1. HP: 11/11 MP: 3/3
   716 | D:1      | Reached XP level 2. HP: 11/17 MP: 0/5
  1220 | D:2      | Noticed Sigmund
  1226 | D:2      | Learned a level 2 spell: Searing Ray
  1253 | D:2      | Slain by a worm

Action                   || total
-------------------------++-------
Melee: Unarmed           ||    19
       Constrict         ||     6
       Tentacles         ||     2
       Short sword       ||    20
 Cast: Magic Dart        ||     6
       Searing Ray       ||     1
 Stab: Sleeping          ||     1
  Eat: Bread ration      ||     1
Armor: Skin              ||     3
Dodge: Dodged            ||    40
